 Dungeon Crawl Stone Soup version 0.27-a0-972-gd1521fd518 (webtiles) character file.

Game seed: 9989967567285797484

9 Alarkh the Insei (level 2, 21/21 HPs)
             Began as a Demonspawn Transmuter on Apr 13, 2021.
             Got out of the dungeon alive.
             The game lasted 00:00:20 (469 turns).

Alarkh the Insei (Demonspawn Transmuter)             Turns: 469, Time: 00:00:20

Health: 21/21      AC:  2    Str: 10    XL:     2   Next: 3%
Magic:  5/5        EV: 14    Int: 14    God:
Gold:   12         SH:  0    Dex: 13    Spells: 4/5 levels left

rFire    . . .     SeeInvis .     - Unarmed
rCold    . . .     Faith    .   (no shield)
rNeg     . . .     Spirit   .   a - +0 robe
rPois    .         Reflect  .   (no helmet)
rElec    .         Harm     .   (no cloak)
rCorr    .         Rampage  .   (no gloves)
Will     .....                  (no boots)
Stlth    +.........             (no amulet)
HPRegen  0.07/turn              (no ring)
MPRegen  0.09/turn              (no ring)

@: no status effects
A: repulsion field 1
a: no special abilities


You escaped.
You visited 1 branch of the dungeon, and saw 1 of its levels.

You collected 12 gold pieces.

Inventory:

Armour
 a - a +0 robe (worn)
 c - a +0 pair of boots
Potions
 b - a potion of mutation {unknown}


   Skills:
 + Level 1.2 Fighting
 - Level 1.7 Dodging
 * Level 2.9 Unarmed Combat
 + Level 2.1 Spellcasting
 + Level 1.9 Transmutations


You had 4 spell levels left.
You knew the following spells:

 Your Spells              Type           Power      Damage    Failure   Level
a - Beastly Appendage     Tmut           14%        N/A       11%         1

Your spell library contained the following spells:

 Spells                   Type           Power      Damage    Failure   Level
 Wereblood                Tmut           7%         N/A       16%         2
 Spider Form              Tmut/Pois      2%         N/A       43%         3
 Ice Form                 Ice/Tmut       4%         N/A       83%         4
 Hydra Form               Tmut           3%         N/A       96%         5


Dungeon Overview and Level Annotations

Branches:
Dungeon (1/15)

Altars:


Innate Abilities, Weirdness & Mutations

You are surrounded by a mild repulsion field. (EV +2)


Message History

Unknown command.
The giant cockroach barely misses you.
You hit the giant cockroach.
Your headbutt misses the giant cockroach.
The giant cockroach is moderately wounded.
The giant cockroach barely misses you.
You barely miss the giant cockroach.
You claw the giant cockroach, but do no damage.
The giant cockroach is moderately wounded.
The giant cockroach barely misses you.
You closely miss the giant cockroach. Your kick misses the giant cockroach.
The giant cockroach is moderately wounded.
The giant cockroach closely misses you.
You hit the giant cockroach.
Your headbutt misses the giant cockroach.
The giant cockroach is heavily wounded.
The giant cockroach bites you.
You barely miss the giant cockroach. Your kick misses the giant cockroach.
Your headbutt misses the giant cockroach.
The giant cockroach is heavily wounded.
Your transformation is almost over.
The giant cockroach bites you but does no damage.
You hit the giant cockroach.
You kill the giant cockroach!
You have reached level 2!
Your demonic ancestry asserts itself...
You begin to radiate repulsive energy.
You see here a +0 pair of boots.
c - a +0 pair of boots Unknown command.
Your horns disappear.
Your talons disappear.
Things that are here:
a +0 whip; a kobold skeleton You see here a +0 whip.
You enter the shallow water.
Moving in this stuff is going to be slow.
There is a fountain of clear blue water here.
There is a staircase leading out of the dungeon here.
Are you sure you want to leave the Dungeon?
This will make you lose the game!
You have escaped!

## ### #≈# ##≈##
#≈♣≈#####≈♣≈##
♣⌠♣≈≈≈≈≈♣⌠♣≈#
..≈♣.......♣≈.##
...≈...@...≈...#
#.≈........♣≈..#
#≈.⌠.≈≈≈≈≈♣⌠♣≈.#
##≈.≈#####≈♣≈..#
##≈# ##≈#.##
#############..#
#.............##
#+#
#.......#######
#.#######.......#


There were no monsters in sight!

Vanquished Creatures
  2 ball pythons (D:1)
  A giant cockroach (D:1)
  A hobgoblin (D:1)
  2 kobolds (D:1)
  A quokka (D:1)
  A frilled lizard (D:1)
8 creatures vanquished.

Vanquished Creatures (others)
  4 toadstools (D:1)
4 creatures vanquished.

Grand Total: 12 creatures vanquished

Notes
Turn   | Place    | Note
-------+----------+-------------------------------------------
     0 | D:1      | Alarkh the Demonspawn Transmuter began the quest for the
                  | Orb.
     0 | D:1      | Reached XP level 1. HP: 15/15 MP: 3/3
   370 | D:1      | Gained mutation: You are surrounded by a mild repulsion
                  | field. (EV +2) [demonic ancestry]
   370 | D:1      | Reached XP level 2. HP: 16/21 MP: 3/5
   469 | D:$      | Got out of the dungeon alive.

Illustrated notes

Levels and vault maps discovered:
D:1:      ldierk_water_garden, layout_basic, chequers_ecumenical_altar_simple,
          amcnicky_mini_pool_small

Action                   || total
-------------------------++-------
Melee: Unarmed           ||    23
       Kick              ||     2
       Headbutt          ||     2
       Punch             ||     1
 Cast: Beastly Appendage ||     6
 Stab: Sleeping          ||     1
Armor: Robe              ||     3
Dodge: Dodged            ||    16

Table legend: (Time is in decaauts)
 A = Elapsed time spent in this place.
 B = Non-inter-level travel time spent in this place.
 C = Inter-level travel time spent in this place.
 D = Time resting spent in this place.
 E = Time spent auto-exploring this place.
 F = Levels seen in this place.
 G = Mean time per level.
                   A        B        C        D        E       F      G
               +--------+--------+--------+--------+--------+-----+--------+
         Total |    471 |    379 |     92 |      0 |    321 |   1 |  471.0 |
       Dungeon |    471 |    379 |     92 |      0 |    321 |   1 |  471.0 |
               +--------+--------+--------+--------+--------+-----+--------+

Top non-repeatable levels by time:
     D:1: 471 daAuts
